 Dungeon Crawl Stone Soup version 0.26-a0-752-gcff87cac9a (webtiles) character file.

Game seed: 11196119048867270765

16 Forecaster the Stinger (level 2, -1/22 HPs)
             Began as a Naga Venom Mage on Nov 6, 2020.
             Slain by a hobgoblin
             ... wielding a +0 club
              (2 damage)
             ... on level 1 of the Dungeon.
             The game lasted 00:01:48 (397 turns).

Forecaster the Stinger (Naga Venom Mage)             Turns: 397, Time: 00:01:48

Health: -1/22      AC:  1    Str: 10    XL:     2   Next: 54%
Magic:  0/5        EV: 10    Int: 15    God:
Gold:   0          SH:  0    Dex: 11    Spells: 2/5 levels left

rFire    . . .     SeeInvis +   b - +0 dagger
rCold    . . .     Faith    .   (no shield)
rNeg     . . .     Spirit   .   a - +0 robe
rPois    +         Reflect  .   (no helmet)
rElec    .         Harm     .   (no cloak)
rCorr    .         Rampage  .   (no gloves)
MR       .....                  (no barding)
Stlth    ++........             (no amulet)
HPRegen  0.07/turn              (no ring)
MPRegen  0.09/turn              (no ring)

@: very slow
A: large, see invisible, deformed body, poison resistance, slowness 2, spit
poison 1, AC +0
a: Spit Poison


You were on level 1 of the Dungeon.
You visited 1 branch of the dungeon, and saw 1 of its levels.

Inventory:

Hand Weapons
 b - a +0 dagger (weapon)
Armour
 a - a +0 robe (worn)
Potions
 c - a potion of magic {unknown}


   Skills:
 + Level 1.6 Dodging
 + Level 3.3 Stealth
 + Level 2.3 Spellcasting
 + Level 1.0 Transmutations
 + Level 0.2 Air Magic
 + Level 4.4 Poison Magic


You had 2 spell levels left.
You knew the following spells:

 Your Spells              Type           Power        Failure   Level
a - Sting                 Tmut/Pois      ##..         7%          1
b - Poisonous Vapours     Pois/Air       #.....       13%         2

Your spell library contained the following spells:

 Spells                   Type           Power        Failure   Level
 Ignite Poison            Fire/Tmut/Pois #.......     30%         3
 Mephitic Cloud           Conj/Pois/Air  #.......     34%         3
 Olgreb's Toxic Radiance  Pois           ###.....     34%         4


Dungeon Overview and Level Annotations

Branches:
Dungeon (1/15)

Altars:


Innate Abilities, Weirdness & Mutations

You cannot wear boots.
Your serpentine skin is tough. (AC +0)
You have supernaturally acute eyesight. (SInv)
Armour fits poorly on your strangely shaped body.
Your system is resistant to poisons. (rPois)
You cover ground very slowly.
You can spit poison.


Message History

A rat comes into view.
The hobgoblin closely misses you.
You hit the hobgoblin but do no damage.
The hobgoblin is moderately wounded.
The hobgoblin closely misses you.
Casting: Sting (safe; 7% risk of failure)
Confirm with . or Enter, or press ? or * to list all spells.
Aiming: Poisonous Vapours (safe; 13% risk of failure)
Press: ? - help, Dir - move target cursor, f - hobgoblin
Aim: a hobgoblin, wielding a +0 club and wearing a +0 robe (moderately wounded) Poisonous vapours surround the hobgoblin!
The hobgoblin is engulfed in poison gas.
The hobgoblin is poisoned.
You kill the hobgoblin!
The hobgoblin barely misses you.
You barely miss the hobgoblin. The hobgoblin barely misses you.
You hit the hobgoblin but do no damage. The hobgoblin hits you with a +0 club.
* * * LOW HITPOINT WARNING * * *
You hit the hobgoblin but do no damage. The hobgoblin hits you with a +0 club.
You die...

.#. ###.#.# ..
...#.## .g .....
# #S #.#.#
.###.#. #...#
†......#####
#...#
........).r#
#...#
.......###g#
#.#.# .....†.
#@########.#.##
#..?..#
#........[.#..#
#.....
############..##
###### #...#
#.#.# #.#.##
#.#..# ##.##)##
#### #.......


You could see a hobgoblin and a rat.

Vanquished Creatures
  A leopard gecko (D:1)
  A giant cockroach (D:1)
  2 goblins (D:1)
  2 hobgoblins (D:1)
  A ball python (D:1)
  A bat (D:1)
  2 frilled lizards (D:1)
  3 kobolds (D:1)
  2 rats (D:1)
15 creatures vanquished.

Notes
Turn   | Place    | Note
-------+----------+-------------------------------------------
     0 | D:1      | Forecaster the Naga Venom Mage began the quest for the Orb.
     0 | D:1      | Reached XP level 1. HP: 15/15 MP: 3/3
    91 | D:1      | Reached XP level 2. HP: 12/22 MP: 3/5
    95 | D:1      | Learned a level 2 spell: Poisonous Vapours
   396 | D:1      | HP: 1/22 [hobgoblin/+0 club (5)]
   397 | D:1      | Slain by a hobgoblin

Illustrated notes

Levels and vault maps discovered:
D:1:      lightli_arrival_lavapool, layout_basic

Action                   || total
-------------------------++-------
Melee: Unarmed           ||     3
       Dagger            ||    20
 Cast: Sting             ||    10
       Poisonous Vapours ||     7
 Abil: Spit Poison       ||     1
Armor: Robe              ||     1
Dodge: Dodged            ||    11

Table legend: (Time is in decaauts)
 A = Elapsed time spent in this place.
 B = Non-inter-level travel time spent in this place.
 C = Inter-level travel time spent in this place.
 D = Time resting spent in this place.
 E = Time spent auto-exploring this place.
 F = Levels seen in this place.
 G = Mean time per level.
                   A        B        C        D        E       F      G
               +--------+--------+--------+--------+--------+-----+--------+
         Total |    440 |    440 |      0 |     88 |    220 |   1 |  440.0 |
       Dungeon |    440 |    440 |      0 |     88 |    220 |   1 |  440.0 |
               +--------+--------+--------+--------+--------+-----+--------+

Top non-repeatable levels by time:
     D:1: 440 daAuts
